 Dungeon Crawl Stone Soup version 0.29-a0-962-gc8bbfd0a37 (webtiles) character file.

Game seed: 2791577240219497040

28 wilfster70 the Digger (level 3, 0/20 HPs)
             Began as a Gargoyle Earth Elementalist on July 30, 2022.
             Constricted to death by Terence (3 damage)
             ... on level 1 of the Dungeon.
             The game lasted 00:02:51 (1356 turns).

wilfster70 the Digger (Gargoyle Earth Elementalist) Turns: 1356, Time: 00:02:52

Health: 0/20       AC:  5    Str: 11    XL:     3   Next: 12%
Magic:  4/6        EV:  8    Int: 17    God:
Gold:   59         SH:  0    Dex: 10    Spells: 5/6 levels left

rFire   . . .      SeeInvis .   a - +0 mace
rCold   . . .      Faith    .   (no shield)
rNeg    + . .      Spirit   .   c - +0 robe
rPois   ∞          Reflect  .   (no helmet)
rElec   +          Harm     .   (no cloak)
rCorr   .          Rampage  .   (no gloves)
Will    .....                   (no boots)
Stlth   ++........              i - amulet of the acrobat
HPRegen 0.06/turn               (no ring)
MPRegen 0.10/turn               (no ring)

@: grasped by roots, constricted
A: sickness immunity, AC +3, negative energy resistance 1, electricity
resistance, torment resistance 1, petrification resistance
a: no special abilities


You were on level 1 of the Dungeon.
You visited 1 branch of the dungeon, and saw 2 of its levels.

You collected 59 gold pieces.

Inventory:

Hand Weapons
 a - a +0 mace (weapon)
Missiles
 d - 3 poisoned darts
 j - 3 curare-tipped darts
Armour
 c - a +0 robe (worn)
Jewellery
 i - an amulet of the acrobat (around neck)
Scrolls
 f - a scroll of amnesia
 h - a scroll of blinking
Potions
 b - a potion of magic
 e - 2 potions of might
 g - a potion of heal wounds {unknown}


   Skills:
 + Level 1.1 Fighting
 - Level 1.5 Dodging
 - Level 2.1 Stealth
 + Level 2.3 Spellcasting
 - Level 0.7 Transmutations
 * Level 4.4 Earth Magic


You had 5 spell levels left.
You knew the following spells:

 Your Spells              Type           Power      Damage    Failure   Level
a - Sandblast             Erth           34%        2d9       3%          1

Your spell library contained the following spells:

 Spells                   Type           Power      Damage    Failure   Level
 Passwall                 Tmut/Erth      8%         N/A       10%         2
 Stone Arrow              Conj/Erth      18%        3d8       22%         3
 Confusing Touch          Hex            2%         N/A       50%         3
 Petrify                  Tmut/Erth      10%        N/A       54%         4
 Yara's Violent Unravell  Hex/Tmut       1%         3d3       99%         5
 Enfeeble                 Hex            1%         N/A       100%        7


Dungeon Overview and Level Annotations

Branches:
Dungeon (2/15)

Altars:

Annotations:
D:1 Terence


Innate Abilities, Weirdness & Mutations

You are immune to sickness and miasma.
Your stone body is resilient. (AC +3)
You are immune to poison.
You resist negative energy. (rN+)
You are resistant to electric shocks. (rElec)
You are resistant to unholy torment.
You are immune to petrification.


Message History

You open the door.
There is an open door here.
You open the door.
Found a stone staircase leading down.
(D) Dungeon
Where to? (? - help)
There is an open door here.
There is a stone staircase leading down here.
You climb downwards.
There is a stone staircase leading up here.
There are monsters nearby!
The adder hisses angrily.
Terence shouts, "Get ready for death!"
There is a stone staircase leading up here.
The adder closely misses you. The adder bites you. Terence barely misses you.
You climb upwards.
There is a stone staircase leading down here.
Casting: Sandblast (safe; 3% risk of failure)
Confirm with . or Enter, or press ? or * to list all spells.
Aiming: Sandblast (safe; 3% risk of failure)
Press: ? - help, Shift-Dir - straight line, f - Terence
Aim: Terence, wielding a +1 short sword of flaming, wearing a +0 scale mail and carrying a wand of roots (8) (84% to hit)
The blast of sand hits Terence but does no damage.
Terence zaps a wand.
The roots erupt in riotous growth!
The grasping roots grab you!
Terence is unaffected.
The grasping roots constrict you.
Terence hits you with a +1 short sword of flaming.
Terence burns you. The grasping roots constrict you.
Casting: Sandblast (safe; 3% risk of failure)
Confirm with . or Enter, or press ? or * to list all spells.
Aiming: Sandblast (safe; 3% risk of failure)
Press: ? - help, Shift-Dir - straight line, f/p - Terence
Aim: Terence, wielding a +1 short sword of flaming, wearing a +0 scale mail and carrying a wand of roots (7) (84% to hit)
The blast of sand hits Terence but does no damage.
Terence hits you with a +1 short sword of flaming.
* * * LOW HITPOINT WARNING * * *
Terence burns you.
* * * LOW HITPOINT WARNING * * *
The grasping roots constrict you.
You die...

#...##..+..............
###########...##'##..............
#........................########
#...........#............# #.
#...........#>...........# #.
#...........#............# #####.
#...........#............# #.....
#...........####+##......###..[..
#...........####@@S......).+.....
#.............#####....#####.....
#.......).†...#........# #.....
###########...#....###.# #.....
######............# #.....
#.................# #.....
#.........###.....# #.....
#.....).### #.....#####.....
#.......# #.....#.........


You could see Terence and an adder.

Vanquished Creatures
  A dart slug (D:1)
  2 ball pythons (D:1)
  3 bats (D:1)
  An endoplasm (D:1)
  A giant cockroach (D:1)
  4 goblins (D:1)
  2 jackals (D:1)
  2 quokkas (D:1)
  3 frilled lizards (D:1)
  2 kobolds (D:1)
  A rat (D:1)
22 creatures vanquished.

Notes
Turn   | Place    | Note
-------+----------+-------------------------------------------
     0 | D:1      | wilfster70 the Gargoyle Earth Elementalist began the quest
                  | for the Orb.
     0 | D:1      | Reached XP level 1. HP: 10/10 MP: 3/3
   566 | D:1      | Reached XP level 2. HP: 16/16 MP: 3/5
   574 | D:1      | Reached skill level 4 in Earth Magic
   872 | D:1      | Reached skill level 1 in Fighting
  1152 | D:1      | Reached XP level 3. HP: 20/20 MP: 3/6
  1347 | D:2      | Noticed Terence
  1356 | D:1      | Constricted to death by Terence

Illustrated notes

Levels and vault maps discovered:
D:1:      scummos_arrival_checkerplants, layout_basic
D:2:      layout_rooms, uniq_terence, uniq_jessica, uniq_crazy_yiuf_cottage,
          uniq_sigmund

Skill      XL: |  1  2 |
---------------+-------+-----
Earth Magic    | 4 |  4.4
Fighting       | 1 |  1.1
Dodging        | |  1.5
Stealth        | |  2.1
Spellcasting   | |  2.3
Transmutations | |  0.7

Action                   || total
-------------------------++-------
Melee: Mace              ||    16
 Cast: Sandblast         ||    28
  Use: Scroll            ||     5
Armor: Robe              ||    17
Dodge: Dodged            ||    41

Table legend: (Time is in decaauts)
 A = Elapsed time spent in this place.
 B = Non-inter-level travel time spent in this place.
 C = Inter-level travel time spent in this place.
 D = Time resting spent in this place.
 E = Time spent auto-exploring this place.
 F = Levels seen in this place.
 G = Mean time per level.
                   A        B        C        D        E       F      G
               +--------+--------+--------+--------+--------+-----+--------+
         Total |   1389 |   1385 |      4 |    749 |    197 |   2 |  694.5 |
       Dungeon |   1389 |   1385 |      4 |    749 |    197 |   2 |  694.5 |
               +--------+--------+--------+--------+--------+-----+--------+

Top non-repeatable levels by time:
     D:1: 1382 daAuts
     D:2: 6 daAuts
